 Dungeon Crawl Stone Soup version 0.30.1-4-g462c640d31 (webtiles) character file.

Game seed: 2997676037763371397

58 monsoonserge the Trooper (level 3, -7/30 HPs)
             Began as a Demonspawn Monk on Sept 13, 2023.
             Mangled by an iguana (10 damage)
             ... on level 5 of the Dungeon.
             The game lasted 00:01:51 (517 turns).

monsoonserge the Trooper (Demonspawn Monk)           Turns: 517, Time: 00:01:51

Health: -7/30      AC:  4    Str: 11    XL:     3   Next: 75%
Magic:  3/3        EV: 12    Int: 13    God:
Gold:   65         SH:  0    Dex: 15    Spells: 2/2 levels left

rFire   . . .        a - +0 falchion
rCold   . . .        d - orb {light}
rNeg    . . .        e - +0 leather armour
rPois   .            (no helmet)
rElec   .            (no cloak)
rCorr   .            g - +0 pair of gloves
SInv    .            (no boots)
Will    .....        (no amulet)
Stlth   +            (no ring)
HPRegen 0.25/turn    (no ring)
MPRegen 0.16/turn

%: no passive effects
@: glowing
A: magic regeneration
a: no special abilities


You were on level 5 of the Dungeon.
You visited 1 branch of the dungeon, and saw 4 of its levels.

You collected 65 gold pieces.

Inventory:

Hand Weapons
 a - a +0 falchion (weapon)
 j - a +0 short sword
Missiles
 l - 3 poisoned darts (quivered)
Armour
 d - an orb of light (worn)
 e - a +0 leather armour (worn)
 g - a +0 pair of gloves (worn)
 m - a +0 ring mail
 n - a +0 scale mail
Scrolls
 b - a scroll of vulnerability {unknown}
 h - 2 scrolls of teleportation {unknown}
 k - 2 scrolls of poison {unknown}
Potions
 c - a potion of ambrosia
 f - a potion of heal wounds {unknown}
 i - 2 potions of curing {unknown}


   Skills:
 + Level 3.6 Fighting
 + Level 3.3 Long Blades
 + Level 0.5 Armour
 + Level 3.1 Dodging


You had 2 spell levels left.
You didn't know any spells.
Your spell library was empty.

Dungeon Overview and Level Annotations

Branches:
Dungeon (5/15)
 Temple: D:4-7

Altars:


Innate Abilities, Weirdness & Mutations

You regenerate magic rapidly.


Message History

The hound attacks as you move away! The hound misses you.
The hound bites you but does no damage. The hound attacks as you move away!
The hound misses you. The hound bites you but does no damage.
The hound attacks as you move away! The hound barely misses you.
There is a stone staircase leading down here.
You hit the hound.
The hound is heavily wounded.
The hound barely misses you. x2
You closely miss the hound.
The hound is heavily wounded.
The hound barely misses you. The hound misses you.
The hound bites you but does no damage. The quokka closely misses you.
You climb downwards.
The iguana hisses angrily.
Found 20 gold pieces.
There is a stone staircase leading up here.
You hit the hound.
The hound is heavily wounded.
The hound bites you. The hound bites you but does no damage.
You hit the hound but do no damage.
The hound is heavily wounded.
The hound bites you. The hound bites you but does no damage.
You barely miss the hound.
The hound is heavily wounded.
The hound barely misses you. The iguana bites you! The hound barely misses you.
You hit the hound.
The hound is severely wounded.
The hound barely misses you. The iguana bites you!
You hit the hound.
You kill the hound!
The iguana bites you!
* * * LOW HITPOINT WARNING * * *
Your Dodging skill increases to level 3!
You hit the iguana but do no damage. The iguana barely misses you.
You slash the iguana!
The iguana is heavily wounded.
The iguana hisses menacingly.
The iguana bites you!
You die...

#.... ##.....
## .#.....
#.# .......
##..##.......
#............
#...l........
#...†@.......
###..........
#............
#............
#....###.$...
##... .....
##.. .... ...
....


You could see an iguana.

Vanquished Creatures
  A hound (D:5)
  A gnoll (D:1)
  A dart slug (D:1)
  2 endoplasms (D:1)
  A giant cockroach (D:1)
  A goblin (D:1)
  2 hobgoblins (D:1)
  3 ball pythons (D:1)
  2 bats (D:1)
  2 frilled lizards (D:1)
  2 kobolds (D:1)
18 creatures vanquished.

Notes
Turn   | Place    | Note
-------+----------+-------------------------------------------
     0 | D:1      | monsoonserge the Demonspawn Monk began the quest for the
                  | Orb.
     0 | D:1      | Reached XP level 1. HP: 18/18 MP: 1/1
     3 | D:1      | Noticed an electric eel
    85 | D:1      | Gained mutation: You regenerate magic rapidly. [demonic
                  | ancestry]
    85 | D:1      | Reached XP level 2. HP: 16/24 MP: 2/2
   308 | D:1      | Reached XP level 3. HP: 20/29 MP: 3/3
   487 | D:2      | You fall into a shaft and drop 2 floors!
   510 | D:5      | Entered Level 5 of the Dungeon
   517 | D:5      | Mangled by an iguana

Illustrated notes

Levels and vault maps discovered:
D:1:      arrival_aquarium_a, layout_rooms
D:2:      minmay_razor_zed, layout_basic, minmay_split_cup_large, uniq_terence
D:4:      layout_rooms
D:5:      layout_cave_pools, mainiacjoe_overflow_cross_hatched,
          grunt_temple_overflow_diamond, minmay_temple_entry_crystal_x,
          grunt_tough_drop

Skill      XL: |  1  2  3 |
---------------+----------+-----
Long Blades    | 3 |  3.3
Dodging        | 3 |  3.1
Fighting       | |  3.6
Armour         | |  0.5

Action                     || total
---------------------------++-------
  Melee: Falchion          ||    49
 Armour: Leather armour    ||    14
         Robe              ||     1
  Dodge: Dodged            ||    45
